 Dungeon Crawl Stone Soup version 0.27.1-35-g4d5d836560 (console) character file.

Game seed: 13589498363987636926

373 Faeu the Vandal (level 6, -3/52 HPs)
             Began as a Minotaur Hunter on May 12, 2022.
             Succumbed to a hornet's poison
             ... on level 4 of the Dungeon.
             The game lasted 00:10:23 (3430 turns).

Faeu the Vandal (Minotaur Hunter)                   Turns: 3430, Time: 00:10:23

Health: -3/52      AC:  3    Str: 17    XL:     6   Next: 43%
Magic:  5/5        EV: 12    Int:  8    God:
Gold:   191        SH:  0    Dex: 12    Spells: 5/5 levels left

rFire    . . .     SeeInvis .   a - +1 hunting sling {sling}
rCold    . . .     Faith    .   (no shield)
rNeg     . . .     Spirit   .   c - +0 leather armour
rPois    .         Reflect  .   (helmet restricted)
rElec    .         Harm     .   (no cloak)
rCorr    .         Rampage  .   (no gloves)
Will     .....                  (no boots)
Stlth    ++........             (no amulet)
HPRegen  0.17/turn              (no ring)
MPRegen  0.09/turn              (no ring)

@: lethally poisoned (-3 -> -24), attractive, slowed, very slow
A: horns 2, retaliatory headbutt
a: no special abilities


You were on level 4 of the Dungeon.
You visited 1 branch of the dungeon, and saw 4 of its levels.

You collected 191 gold pieces.


Innate Abilities, Weirdness & Mutations

You have a pair of horns on your head.
You reflexively headbutt those who attack you in melee.


   Skills:
 + Level 4.1 Fighting
 + Level 5.4 Slings
 + Level 3.2 Armour
 + Level 3.9 Dodging
 + Level 2.6 Stealth


You had 5 spell levels left.
You didn't know any spells.
Your spell library was empty.

Inventory:

Hand Weapons
 a - a +1 hunting sling (weapon) {sling}
 b - a +0 short sword {short}
 w - a +1 mace of draining {mace}
   (You took it off Terence on level 3 of the Dungeon)
 z - a +0 vorpal scythe {polearm}
   (You took it off Sigmund on level 3 of the Dungeon)
Missiles
 d - 63 stones {throwing}
 h - 39 arrows
 k - 27 sling bullets (quivered ammo)
 q - 28 bolts
Armour
 c - a +0 leather armour (worn)
 A - a +0 robe of positive energy
   (You took it off Sigmund on level 3 of the Dungeon)
Jewellery
 o - a ring of poison resistance
   (You found it on level 2 of the Dungeon)
 y - a ring of protection from fire
   (You found it on level 3 of the Dungeon)
Wands
 B - a wand of iceblast (5)
   (You took it off Ijyb on level 3 of the Dungeon)
Scrolls
 e - 3 scrolls of identify {unknown}
 i - a scroll of holy word {unknown}
 l - a scroll of vulnerability {unknown}
 n - 2 scrolls of enchant weapon {unknown}
 p - a scroll of torment {unknown}
 s - 2 scrolls of amnesia {unknown}
 t - a scroll of magic mapping {unknown}
 u - a scroll of summoning {unknown}
 C - a scroll of immolation {unknown}
Potions
 f - a potion of resistance {unknown}
 g - a potion of brilliance {unknown}
 j - a potion of attraction {!q}
 m - a potion of experience {unknown}
 r - a potion of ambrosia {unknown}
 v - 2 potions of degeneration {unknown}
 x - 2 potions of mutation {unknown}

Dungeon Overview and Level Annotations

Branches:
Dungeon (4/15)
 Temple: D:4-7

Altars:
Ashenzari
Okawaru

#.. ...( #..#
...# #..# ...#
#.)# ...#
#####..# ....#
.......####....##
##.......y......
###.......@.....#
.......<.....####
....########## ##


You could see a hornet.


Message History

An ogre comes into view. It is wielding a +0 giant spiked club.
The ogre shouts!
The ogre barely misses you. You furiously retaliate!
You headbutt the ogre.
There is a stone staircase leading up here.
You climb upwards.
There is a stone staircase leading down here.
You see here a +0 chain mail.
There is a stone staircase leading down here.
You climb downwards.
There is a stone staircase leading up here.
A hornet comes into view.
The hornet buzzes angrily.
a - a +1 hunting sling (weapon)
{sling} The hornet closely misses you.
You shoot a sling bullet.
The sling bullet closely misses the hornet.
The hornet stings you.
You feel yourself slow down.
A giant cockroach comes into view. 😕 HP[-3]
You take 3 damage, and now have 49/52 hp.
You shoot a sling bullet. The sling bullet misses the hornet.
The sling bullet hits the giant cockroach.
You kill the giant cockroach!
The hornet stings you but does no damage.
The hornet stings you.
You feel as though you will be slow longer. 😕 HP[-3]
You take 3 damage, and now have 46/52 hp.
You shoot a sling bullet. The sling bullet hits the hornet!
The hornet stings you but does no damage. x2
You shoot a sling bullet.
The sling bullet barely misses the hornet.
You feel yourself speed up. The hornet stings you!
You feel yourself slow down. The hornet barely misses you. 😮 HP[-8]
You take 8 damage, and now have 38/52 hp.
You are too injured to fight recklessly!
You are too injured to fight recklessly!
You are too injured to fight recklessly!
Fire: 32 sling bullets
Press: ? - help, Q - select action, (/) - cycle Shift-Dir - straight line, f/p - hornet
Aim: a hornet (moderately wounded, 50% to hit)
You shoot a sling bullet. The sling bullet hits the hornet!
The hornet closely misses you. The hornet barely misses you.
The hornet stings you!
* * * LOW HITPOINT WARNING * * *
You feel as though you will be slow longer. 😨 HP[-15]
You take 15 damage, and now have 23/52 hp.
MASSIVE DAMAGE!! (PAUSE) Fire: 31 sling bullets
Press: ? - help, Q - select action, (/) - cycle Shift-Dir - straight line, f/p - hornet
Aim: a hornet (heavily wounded, 50% to hit)
You shoot a sling bullet. The sling bullet hits the hornet.
The hornet closely misses you. 😨 HP[+1] Fire: 30 sling bullets
Press: ? - help, Q - select action, (/) - cycle Shift-Dir - straight line, f/p - hornet
Aim: a hornet (heavily wounded, 50% to hit)
You shoot a sling bullet. The sling bullet misses the hornet.
The hornet stings you.
* * * LOW HITPOINT WARNING * * *
You are poisoned.
You feel as though you will be slow longer.
The hornet barely misses you. The hornet stings you!
* * * LOW HITPOINT WARNING * * *
You are lethally poisoned!
You feel as though you will be slow longer. 😨 HP[-8]
You take 8 damage, and now have 16/52 hp.
Fire: 29 sling bullets
Press: ? - help, Q - select action, (/) - cycle Shift-Dir - straight line, f/p - hornet
Aim: a hornet (heavily wounded, 50% to hit)
You shoot a sling bullet. The sling bullet hits the hornet.
* * * LOW HITPOINT WARNING * * *
You feel extremely sick.
The hornet stings you but does no damage.
The hornet closely misses you. 😱 HP[-7]
You take 7 damage, and now have 9/52 hp.
Fire: 28 sling bullets
Press: ? - help, Q - select action, (/) - cycle Shift-Dir - straight line, f/p - hornet
Aim: a hornet (severely wounded, 50% to hit)
You shoot a sling bullet.
The sling bullet closely misses the hornet.
* * * LOW HITPOINT WARNING * * *
You feel very sick. The hornet stings you.
* * * LOW HITPOINT WARNING * * *
You are more poisoned.
You feel as though you will be slow longer.
The hornet stings you but does no damage. 😱 HP[-7]
You take 7 damage, and now have 2/52 hp.
It was a potion of attraction.
You feel attractive to monsters.
You die...

Skill      XL: |  1  2  3  4  5  6 |
---------------+-------------------+-----
Stealth        | 1 2 |  2.6
Armour         | 1 2 3 |  3.2
Fighting       | 3 4 |  4.1
Dodging        | 3 |  3.9
Slings         | 5 |  5.4

Action                   |  1- 3 |  4- 6 || total
-------------------------+-------+-------++-------
Melee: Hunting sling     |     4 |       ||     4
       Short sword       |    14 |    77 ||    91
       Headbutt          |     3 |    12 ||    15
 Fire: Hunting sling     |    84 |    14 ||    98
Throw: Stone             |     3 |    23 ||    26
  Use: Potion            |       |     1 ||     1
 Stab: Sleeping          |     1 |       ||     1
Armor: Leather armour    |    10 |    17 ||    27
Dodge: Dodged            |    23 |    54 ||    77

Levels and vault maps discovered:
D:1:      psy_arrival_dodecagon, layout_basic,
          ebering_ecumenical_altar_abandoned
D:2:      layout_basic
D:3:      layout_loops_cross, amcnicky_altar_gilded,
          nicolae_ashenzari_panopticon, wander_ebering_terrifying_dragon_lair,
          uniq_ijyb, uniq_sigmund, uniq_terence
D:4:      layout_loops_ring, nicolae_overflow_crystal_walls,
          overflow_temple_1_default

Notes
Turn   | Place    | Note
-------+----------+-------------------------------------------
     0 | D:1      | Faeu the Minotaur Hunter began the quest for the Orb.
     0 | D:1      | Reached XP level 1. HP: 18/18 MP: 0/0
     0 | D:1      | magus.rc [v1.9.6]
    20 | D:1      | Found a faded altar of an unknown god.
    46 | D:1      | Reached skill level 1 in Stealth
   127 | D:1      | Reached XP level 2. HP: 25/25 MP: 1/1
   286 | D:1      | Reached skill level 1 in Armour
   648 | D:1      | Reached XP level 3. HP: 30/30 MP: 2/2
  1063 | D:2      | Reached skill level 3 in Fighting
  1653 | D:3      | Found a broken altar of Ashenzari.
  1675 | D:3      | Found an iron altar of Okawaru.
  1676 | D:3      | Noticed Sigmund
  1807 | D:3      | Reached XP level 4. HP: 38/38 MP: 3/3
  1909 | D:3      | Reached skill level 3 in Dodging
  2457 | D:3      | Noticed Terence
  2465 | D:3      | Killed Terence
  2466 | D:3      | Reached skill level 2 in Armour
  2627 | D:3      | Killed Sigmund
  2628 | D:3      | Reached skill level 5 in Slings
  2628 | D:3      | Reached skill level 2 in Stealth
  2628 | D:3      | Reached XP level 5. HP: 18/46 MP: 4/4
  2628 | D:3      | Reached XP level 6. HP: 20/52 MP: 5/5
  2820 | D:3      | Noticed Ijyb
  2857 | D:3      | Killed Ijyb
  2858 | D:3      | Reached skill level 4 in Fighting
  2858 | D:3      | Reached skill level 3 in Armour
  3419 | D:4      | Noticed a hornet
  3428 | D:4      | HP: 9/52 [poisoned by a hornet]
  3429 | D:4      | HP: 4/52 [poisoned by a hornet]
  3430 | D:4      | Succumbed to a hornet's poison

Vanquished Creatures
  Sigmund (D:3)
  A scorpion (D:4)
  Ijyb (D:3)
  Terence (D:3)
  A hound skeleton (D:4)
  2 adders
  2 dart slugs
  7 ball pythons
  8 endoplasms
  4 giant cockroaches
  8 goblins
  2 hobgoblins
  4 jackals (D:1)
  A quokka (D:2)
  7 bats
  2 frilled lizards
  5 kobolds
  9 rats
66 creatures vanquished.

Table legend:
 A = Non-vault XP
 B = Vault XP
 C = Vault XP percentage of total XP
 D = Non-vault monster count
 E = Vault monster count
 F = Vault count percentage of total count
                 A         B        C        D         E       F
            +---------+---------+-------+---------+---------+-------
      Total |     235 |     299 |  56.0 |      62 |       4 |   6.1
            +---------+---------+-------+---------+---------+-------
        D:1 |      44 |       0 |   0.0 |      26 |       0 |   0.0
        D:2 |      47 |       0 |   0.0 |      19 |       0 |   0.0
        D:3 |      33 |     299 |  90.1 |      12 |       4 |  25.0
        D:4 |     111 |       0 |   0.0 |       5 |       0 |   0.0
            +---------+---------+-------+---------+---------+-------

Illustrated notes

Table legend:
 A = Kills in this place as a percentage of kills in entire the game.
 B = Kills by you in this place as a percentage of kills by you in the entire game.
 C = Kills by friends in this place as a percentage of kills by friends in the entire game.
 D = Other kills in this place as a percentage of other kills in the entire game.
 E = Experience gained in this place as a percentage of experience gained in the entire game.
 F = Experience gained in this place divided by the number of levels of this place that you have seen.
                   A       B       C       D       E      F
               +-------+-------+-------+-------+-------+----------------------
         Total | 100.0 | 100.0 |   N/A |   N/A | 100.0 | 133.5
       Dungeon | 100.0 | 100.0 |   N/A |   N/A | 100.0 | 133.5
               +-------+-------+-------+-------+-------+----------------------

Table legend: (Time is in decaauts)
 A = Elapsed time spent in this place.
 B = Non-inter-level travel time spent in this place.
 C = Inter-level travel time spent in this place.
 D = Time resting spent in this place.
 E = Time spent auto-exploring this place.
 F = Levels seen in this place.
 G = Mean time per level.
                   A        B        C        D        E       F      G
               +--------+--------+--------+--------+--------+-----+--------+
         Total |   3433 |   3197 |    236 |     78 |   2429 |   4 |  858.2 |
       Dungeon |   3433 |   3197 |    236 |     78 |   2429 |   4 |  858.2 |
               +--------+--------+--------+--------+--------+-----+--------+

Top non-repeatable levels by time:
     D:3: 1512 daAuts
     D:1: 902 daAuts
     D:2: 739 daAuts
     D:4: 279 daAuts
